TOP OF THE 1ST |
Pompano Beach Stingrays batting - Pitching for Winter Haven Sun Sox : RHP Gregory Staffon
|
Pitching: RHP Gregory Staffon
|
|
Batting: RHB Jorge Villalobos
|
0-0: Ball 1-0: SINGLE (Line Drive, 9LM, EV 92.5 MPH)
|
Batting: SHB Gene Roof
|
0-0: DOUBLE (Line Drive, 9LD, EV 105.6 MPH) Jorge Villalobos to third
|
Batting: RHB Lance Junker
|
0-0: Called Strike 0-1: Ball 1-1: Ball 2-1: DOUBLE (Line Drive, 89XD, EV 106.9 MPH) Jorge Villalobos scores Gene Roof scores
|
Batting: RHB Mark Strucher
|
0-0: Called Strike 0-1: Swinging Strike 0-2: Ball 1-2: Strikes out swinging
|
Batting: SHB Juan Molina
|
0-0: Swinging Strike 0-1: Foul Ball, location: 2F 0-2: Foul Ball, location: 2F 0-2: Fly out, F7 (Flyball, 7D, EV 93.8 MPH) Runner from 2nd tags up, SAFE at 3rd with throw by LF
|
Batting: LHB Steve Phillips
|
0-0: Ball 1-0: Ball 2-0: Fly out, F6 (Popup, 6D, EV 67.5 MPH)
|
Top of the 1st over - 2 runs, 3 hits, 0 errors, 1 left on base; Pompano Beach 2 - Winter Haven 0 |
BOTTOM OF THE 1ST |
Winter Haven Sun Sox batting - Pitching for Pompano Beach Stingrays : RHP Julian Gonzalez
|
Pitching: RHP Julian Gonzalez
|
|
Batting: LHB Don Carter
|
0-0: Ball 1-0: Bunt missed! 1-1: Called Strike 1-2: Strikes out swinging
|
Batting: RHB Domingo Ramos
|
0-0: Called Strike 0-1: Fly out, F7 (Flyball, 78M, EV 87.5 MPH)
|
Batting: RHB Augie Schmidt
|
0-0: Fly out, F7 (Flyball, 7LM, EV 89.4 MPH)
|
Bottom of the 1st over - 0 runs, 0 hits, 0 errors, 0 left on base; Pompano Beach 2 - Winter Haven 0 |
TOP OF THE 2ND |
Pompano Beach Stingrays batting - Pitching for Winter Haven Sun Sox : RHP Gregory Staffon
|
Batting: RHB Jimmy Thomas
|
0-0: Called Strike 0-1: Ball 1-1: Ball 2-1: Foul Ball, location: 2F 2-2: Foul Ball, location: 2F 2-2: Foul Ball, location: 2F 2-2: Ball 3-2: Strikes out swinging
|
Batting: RHB Kenneth Feinberg
|
0-0: Fly out, F7 (Flyball, 7LD, EV 99.4 MPH)
|
Batting: RHB William Waag
|
0-0: Foul Ball, location: 2F 0-1: Ball 1-1: Ball 2-1: Ball 3-1: Ground out 6-3 (Groundball, 56, EV 89.4 MPH)
|
Top of the 2nd over - 0 runs, 0 hits, 0 errors, 0 left on base; Pompano Beach 2 - Winter Haven 0 |
BOTTOM OF THE 2ND |
Winter Haven Sun Sox batting - Pitching for Pompano Beach Stingrays : RHP Julian Gonzalez
|
Batting: LHB John Heller
|
0-0: Ball 1-0: Ball 2-0: Ball 3-0: Called Strike 3-1: Ground out U3 (Groundball, 3, EV 98.8 MPH)
|
Batting: RHB Takashi Upshur
|
0-0: Ball 1-0: Called Strike 1-1: SINGLE (Groundball, 4MD, EV 105.0 MPH) (infield hit)
|
Batting: RHB Stephen Rhodes
|
0-0: Foul Ball, location: 2F 0-1: Foul Ball, location: 2F 0-2: Strikes out swinging
|
Batting: RHB Sam Sorce
|
0-0: 2-RUN HOME RUN (Flyball, 78XD, EV 92.5 MPH), Distance : 411 ft
|
Batting: RHB Tim Carroll
|
0-0: Ground out 5-3 (Groundball, 56S, EV 83.1 MPH)
|
Bottom of the 2nd over - 2 runs, 2 hits, 0 errors, 0 left on base; Pompano Beach 2 - Winter Haven 2 |
TOP OF THE 3RD |
Pompano Beach Stingrays batting - Pitching for Winter Haven Sun Sox : RHP Gregory Staffon
|
Batting: RHB Jorge Villalobos
|
0-0: Foul Ball, location: 2F 0-1: Swinging Strike 0-2: Strikes out swinging
|
Batting: SHB Gene Roof
|
0-0: Fly out, F8 (Flyball, 8LS, EV 80.0 MPH)
|
Batting: RHB Lance Junker
|
0-0: Called Strike 0-1: Foul Ball, location: 2F 0-2: Strikes out swinging
|
Top of the 3rd over - 0 runs, 0 hits, 0 errors, 0 left on base; Pompano Beach 2 - Winter Haven 2 |
BOTTOM OF THE 3RD |
Winter Haven Sun Sox batting - Pitching for Pompano Beach Stingrays : RHP Julian Gonzalez
|
Batting: RHB Jose Marcano
|
0-0: Foul Ball, location: 2F 0-1: Foul Ball, location: 2F 0-2: Ball 1-2: Strikes out swinging
|
Batting: LHB Don Carter
|
0-0: Ball 1-0: Ground out U3 (Groundball, 34S, EV 87.5 MPH)
|
Batting: RHB Domingo Ramos
|
0-0: Reached on error, E6 (Groundball, 6, EV 86.3 MPH)
|
Batting: RHB Augie Schmidt
|
0-0: Fly out, F9 (Flyball, 89D, EV 102.5 MPH)
|
Bottom of the 3rd over - 0 runs, 0 hits, 1 error, 1 left on base; Pompano Beach 2 - Winter Haven 2 |
TOP OF THE 4TH |
Pompano Beach Stingrays batting - Pitching for Winter Haven Sun Sox : RHP Gregory Staffon
|
Batting: RHB Mark Strucher
|
0-0: Foul Ball, location: 2F 0-1: Foul Ball, location: 2F 0-2: Fly out, F8 (Line Drive, 8LD, EV 91.9 MPH)
|
Batting: SHB Juan Molina
|
0-0: Ball 1-0: Foul Ball, location: 2F 1-1: Swinging Strike 1-2: Ball 2-2: Ball 3-2: Foul Ball, location: 2F 3-2: Fly out, F7 (Line Drive, 7, EV 99.4 MPH)
|
Batting: LHB Steve Phillips
|
0-0: Ball 1-0: Ball 2-0: Ball 3-0: Base on Balls
|
Batting: RHB Jimmy Thomas
|
0-0: Ball 1-0: Foul Ball, location: 2F 1-1: Foul Ball, location: 2F 1-2: Strikes out looking
|
Top of the 4th over - 0 runs, 0 hits, 0 errors, 1 left on base; Pompano Beach 2 - Winter Haven 2 |
BOTTOM OF THE 4TH |
Winter Haven Sun Sox batting - Pitching for Pompano Beach Stingrays : RHP Julian Gonzalez
|
Batting: LHB John Heller
|
0-0: Ball 1-0: Fly out, F5 (Popup, 5SF, EV 68.8 MPH)
|
Batting: RHB Takashi Upshur
|
0-0: Swinging Strike 0-1: Ball 1-1: Foul Ball, location: 2F 1-2: SINGLE (Flyball, 8RS, EV 85.6 MPH)
|
Batting: RHB Stephen Rhodes
|
0-0: Ball 1-0: Foul Ball, location: 2F 1-1: Ball 2-1: Ball 3-1: Foul Ball, location: 2F 3-2: Fly out, F8 (Line Drive, 8RD, EV 88.8 MPH)
|
Batting: RHB Sam Sorce
|
0-0: Foul Ball, location: 2F 0-1: Ball 1-1: Swinging Strike 1-2: Ball 2-2: Strikes out swinging
|
Bottom of the 4th over - 0 runs, 1 hit, 0 errors, 1 left on base; Pompano Beach 2 - Winter Haven 2 |
TOP OF THE 5TH |
Pompano Beach Stingrays batting - Pitching for Winter Haven Sun Sox : RHP Gregory Staffon
|
Batting: RHB Kenneth Feinberg
|
0-0: Fly out, F9 (Flyball, 89D, EV 78.8 MPH)
|
Batting: RHB William Waag
|
0-0: Ball 1-0: Ball 2-0: Ball 3-0: Base on Balls
|
Batting: RHB Jorge Villalobos
|
0-0: Ball 1-0: Called Strike 1-1: Called Strike 1-2: Ball 2-2: Ball 3-2: Fly out, F8 (Flyball, 8LD, EV 94.4 MPH)
|
Batting: SHB Gene Roof
|
0-0: Ball 1-0: Ball 2-0: Ball 3-0: Called Strike 3-1: Fielders Choice at 2nd, 5-4 (Groundball, 56, EV 101.9 MPH)
|
Top of the 5th over - 0 runs, 0 hits, 0 errors, 1 left on base; Pompano Beach 2 - Winter Haven 2 |
BOTTOM OF THE 5TH |
Winter Haven Sun Sox batting - Pitching for Pompano Beach Stingrays : RHP Julian Gonzalez
|
Batting: RHB Tim Carroll
|
0-0: Ball 1-0: Ground out 5-3 (Groundball, 56, EV 105.0 MPH)
|
Batting: RHB Jose Marcano
|
0-0: Called Strike 0-1: Swinging Strike 0-2: Ball 1-2: Strikes out swinging
|
Batting: LHB Don Carter
|
0-0: Called Strike 0-1: Ball 1-1: Foul Ball, location: 2F 1-2: Foul Ball, location: 2F 1-2: Foul Ball, location: 2F 1-2: Strikes out looking
|
Bottom of the 5th over - 0 runs, 0 hits, 0 errors, 0 left on base; Pompano Beach 2 - Winter Haven 2 |
TOP OF THE 6TH |
Pompano Beach Stingrays batting - Pitching for Winter Haven Sun Sox : RHP Gregory Staffon
|
Batting: RHB Lance Junker
|
0-0: Called Strike 0-1: Ball 1-1: Ball 2-1: Foul Ball, location: 2F 2-2: Foul Ball, location: 2F 2-2: Fly out, F7 (Line Drive, 7D, EV 96.9 MPH)
|
Batting: RHB Mark Strucher
|
0-0: Called Strike 0-1: Ball 1-1: Ball 2-1: Ball 3-1: Fly out, F9 (Flyball, 9LM, EV 94.4 MPH)
|
Batting: SHB Juan Molina
|
0-0: Ground out 3-1 (Groundball, 34, EV 89.4 MPH)
|
Top of the 6th over - 0 runs, 0 hits, 0 errors, 0 left on base; Pompano Beach 2 - Winter Haven 2 |
BOTTOM OF THE 6TH |
Winter Haven Sun Sox batting - Pitching for Pompano Beach Stingrays : RHP Julian Gonzalez
|
Batting: RHB Domingo Ramos
|
0-0: Ground out 1-3 (Groundball, 13S, EV 65.0 MPH)
|
Batting: RHB Augie Schmidt
|
0-0: Foul Ball, location: 2F 0-1: Foul Ball, location: 2F 0-2: Foul Ball, location: 2F 0-2: Ball 1-2: Ball 2-2: Ball 3-2: Base on Balls
|
Batting: LHB John Heller
|
0-0: Ball 1-0: Grounds out, U3 (Groundball, 3L, EV 91.3 MPH)
|
Batting: RHB Takashi Upshur
|
0-0: Swinging Strike 0-1: Fly out, F2 (Popup, 23F, EV 91.9 MPH)
|
Bottom of the 6th over - 0 runs, 0 hits, 0 errors, 1 left on base; Pompano Beach 2 - Winter Haven 2 |
TOP OF THE 7TH |
Pompano Beach Stingrays batting - Pitching for Winter Haven Sun Sox : RHP Gregory Staffon
|
Batting: LHB Steve Phillips
|
0-0: Called Strike 0-1: Foul Ball, location: 2F 0-2: Ball 1-2: Foul Ball, location: 2F 1-2: Foul Ball, location: 2F 1-2: Ball 2-2: Foul Ball, location: 2F 2-2: Ball 3-2: Base on Balls
|
Batting: RHB Jimmy Thomas
|
0-0: Called Strike 0-1: Ball 1-1: Foul Ball, location: 2F Balk! Steve Phillips to second 1-2: Foul Ball, location: 2F 1-2: Fly out, F6 (Popup, 6MD, EV 56.9 MPH)
|
Batting: RHB Kenneth Feinberg
|
0-0: Intentional Walk
|
Batting: RHB William Waag
|
0-0: Called Strike 0-1: Foul Ball, location: 2F 0-2: Ball 1-2: Foul Ball, location: 2F 1-2: Ball 2-2: Foul Ball, location: 2F 2-2: Single, Error in OF, E8, batter to second base (Groundball, 4MD, EV 101.9 MPH) Steve Phillips scores Kenneth Feinberg to third
|
Batting: RHB Jorge Villalobos
|
0-0: SINGLE (Line Drive, 5D, EV 104.4 MPH) Kenneth Feinberg scores William Waag to third Runner from 3rd tries for Home, SAFE, throw by LF to home
|
Pitching: RHP Tony Vila
|
|
Batting: SHB Gene Roof
|
0-0: Ball 1-0: Called Strike 1-1: Foul Ball, location: 2F 1-2: Fly out, F9 (Flyball, 9LS, EV 91.3 MPH)
|
Batting: RHB Lance Junker
|
0-0: Ball 1-0: Ball 2-0: Ball 3-0: Base on Balls Jorge Villalobos to second
|
Batting: RHB Mark Strucher
|
0-0: Ball 1-0: 3-RUN HOME RUN (Line Drive, 9LD, EV 98.8 MPH), Distance : 371 ft
|
Batting: SHB Juan Molina
|
0-0: Ball 1-0: Foul Ball, location: 2F 1-1: Ground out 5-3 (Groundball, 56, EV 96.9 MPH)
|
Top of the 7th over - 6 runs, 3 hits, 1 error, 0 left on base; Pompano Beach 8 - Winter Haven 2 |
BOTTOM OF THE 7TH |
Winter Haven Sun Sox batting - Pitching for Pompano Beach Stingrays : RHP Julian Gonzalez
|
Batting: RHB Stephen Rhodes
|
0-0: Called Strike 0-1: Foul Ball, location: 2F 0-2: Ball 1-2: Strikes out swinging
|
Batting: RHB Sam Sorce
|
0-0: Called Strike 0-1: Ball 1-1: Called Strike 1-2: Ball 2-2: Ball 3-2: Ground out 4-3 (Groundball, 4S, EV 82.5 MPH)
|
Batting: RHB Tim Carroll
|
0-0: Ball 1-0: Swinging Strike 1-1: Called Strike 1-2: Strikes out swinging
|
Bottom of the 7th over - 0 runs, 0 hits, 0 errors, 0 left on base; Pompano Beach 8 - Winter Haven 2 |
TOP OF THE 8TH |
Pompano Beach Stingrays batting - Pitching for Winter Haven Sun Sox : RHP Tony Vila
|
Batting: LHB Steve Phillips
|
0-0: Foul Ball, location: 2F 0-1: Ball 1-1: Ground out 4-3 (Groundball, 34, EV 103.8 MPH)
|
Batting: RHB Jimmy Thomas
|
0-0: Foul Ball, location: 2F 0-1: Swinging Strike 0-2: Ground out 4-3 (Groundball, 4, EV 84.4 MPH)
|
Batting: RHB Kenneth Feinberg
|
0-0: Fly out, F8 (Line Drive, 8RD, EV 93.1 MPH)
|
Top of the 8th over - 0 runs, 0 hits, 0 errors, 0 left on base; Pompano Beach 8 - Winter Haven 2 |
BOTTOM OF THE 8TH |
Winter Haven Sun Sox batting - Pitching for Pompano Beach Stingrays : RHP Julian Gonzalez
|
Batting: RHB Jose Marcano
|
0-0: Ground out 5-3 (Groundball, 56S, EV 85.0 MPH)
|
Batting: LHB Don Carter
|
0-0: Ball 1-0: Foul Ball, location: 2F 1-1: Called Strike 1-2: Strikes out swinging
|
Batting: RHB Domingo Ramos
|
0-0: Called Strike 0-1: Foul Ball, location: 2F 0-2: Strikes out looking
|
Bottom of the 8th over - 0 runs, 0 hits, 0 errors, 0 left on base; Pompano Beach 8 - Winter Haven 2 |
TOP OF THE 9TH |
Pompano Beach Stingrays batting - Pitching for Winter Haven Sun Sox : RHP Tony Vila
|
Batting: RHB William Waag
|
0-0: SINGLE (Groundball, 25, EV 69.4 MPH) (infield hit)
|
Batting: RHB Jorge Villalobos
|
0-0: Ball 1-0: Ball 2-0: Ball 3-0: Called Strike 3-1: Grounds into double play, 6-4-3 (Groundball, 6, EV 85.0 MPH)
|
Batting: SHB Gene Roof
|
0-0: Called Strike 0-1: Fly out, F9 (Flyball, 9S, EV 81.3 MPH)
|
Top of the 9th over - 0 runs, 1 hit, 0 errors, 0 left on base; Pompano Beach 8 - Winter Haven 2 |
BOTTOM OF THE 9TH |
Winter Haven Sun Sox batting - Pitching for Pompano Beach Stingrays : RHP Julian Gonzalez
|
Batting: RHB Augie Schmidt
|
0-0: Swinging Strike 0-1: Swinging Strike 0-2: Ball 1-2: Foul Ball, location: 2F 1-2: Ball 2-2: Ball 3-2: Base on Balls
|
Batting: LHB John Heller
|
0-0: Called Strike 0-1: Foul Ball, location: 2F 0-2: Foul Ball, location: 2F 0-2: Strikes out looking
|
Batting: RHB Takashi Upshur
|
0-0: Ball 1-0: Called Strike 1-1: Fly out, F9 (Flyball, 9, EV 85.0 MPH)
|
Batting: RHB Stephen Rhodes
|
0-0: Called Strike 0-1: Called Strike 0-2: Ball 1-2: Ball 2-2: Ball 3-2: Strikes out swinging, 2-3 out at first.
|
Bottom of the 9th over - 0 runs, 0 hits, 0 errors, 1 left on base; Pompano Beach 8 - Winter Haven 2 |
|